 Dungeon Crawl Stone Soup version 0.29-a0-284-gf9362112df (webtiles) character file.

Game seed: 7904046608563878718

535 spaghetti the Nimble (level 7, 0/46 HPs)
             Began as an Octopode Berserker on Mar 20, 2022.
             Was a Priest of Trog.
             Slain by a black bear (6 damage)
             ... on level 6 of the Dungeon.
             The game lasted 00:05:01 (4452 turns).

spaghetti the Nimble (Octopode Berserker)           Turns: 4452, Time: 00:05:02

Health: 0/46       AC:  1    Str: 16      XL:     7   Next: 25%
Magic:  7/7        EV: 16    Int:  9      God:    Trog [***...]
Gold:   248        SH:  0    Dex: 13 (14) Spells: 6/6 levels left

rFire   . . .      SeeInvis .   g - +10 hunting sling "Roerac" {venom, Fragile rPois rN+ Stlth+, sling}
rCold   . . .      Faith    .   (no shield)
rNeg    + . .      Spirit   .   (helmet restricted)
rPois   +          Reflect  .   (no amulet)
rElec   .          Harm     .   (no ring)
rCorr   .          Rampage  .   (no ring)
Will    .....                   (no ring)
Stlth   +++.......              (no ring)
HPRegen 0.15/turn               (no ring)
MPRegen 0.10/turn               (no ring)
                                (no ring)
                                (no ring)

@: no status effects
A: almost no armour, amphibious, 8 rings, camouflage 1, gelatinous body 1,
(nimble swimmer 1), tentacles
a: Renounce Religion, Berserk, Trog's Hand


You were on level 6 of the Dungeon.
You worshipped Trog.
Trog was most pleased with you.
You visited 1 branch of the dungeon, and saw 6 of its levels.

You collected 248 gold pieces.


Innate Abilities, Weirdness & Mutations

You cannot wear most types of armour.
You are amphibious.
You can wear up to eight rings at the same time.
Your skin changes colour to match your surroundings (Stealth+).
Your rubbery body absorbs attacks. (AC +1, EV +1)
((You are camouflaged when in or above water. (Stealth+)))
You have tentacles for arms and can constrict up to eight enemies at once.


   Skills:
 - Level 3.0 Fighting
 - Level 3.0 Long Blades
 + Level 8.1 Dodging


You had 6 spell levels left.
You didn't know any spells.
Your spell library was empty.

Inventory:

Hand Weapons
 a - a +1 falchion {long}
 g - the +10 hunting sling "Roerac" (weapon) {venom, Fragile rPois rN+ Stlth+, sling}
   (You found it on level 2 of the Dungeon)

   Any ammunition fired from it poisons the flesh of those it strikes.
   rPois:     It protects you from poison.
   rN:        It protects you from negative energy.
   Fragile:   It will be destroyed if unequipped.
   Stlth:     It makes you more stealthy.
Missiles
 b - 77 stones {throwing}
 f - 2 poisoned darts {throwing}
Armour
 m - the +0 kite shield "Bouqad" {rF++}
   (You found it on level 4 of the Dungeon)

   rF:        It greatly protects you from fire.
Jewellery
 c - an amulet of faith {!P}
   (You took it off a kobold on level 1 of the Dungeon)
Wands
 j - a wand of digging (6)
   (You found it on level 2 of the Dungeon)
Scrolls
 e - 3 scrolls of identify {@r1}
 h - 2 scrolls of enchant armour
 k - a scroll of torment {!r}
 l - a scroll of vulnerability {!r!r}
 n - 2 scrolls of teleportation {@r4}
Potions
 d - a potion of curing {@q1}
 i - a potion of lignification {unknown}

Dungeon Overview and Level Annotations

Branches:
Dungeon (6/15)
 Temple: D:4-7

Altars:
Elyvilon

Shops:
D:2 *

Annotations:
D:3 Robin

#. #. ##.# ##
##...## ..
##.....## .##.
#.......#....#
#.>...).......
#....)@.#
##..>)h##
##.....
##.#### #T #.
. #


You could see a troll and a black bear (berserk, extremely poisoned).


Message History

You shoot a sling bullet. The orc hits you with a +0 flail.
The orc wizard gestures at you while chanting.
You resist with some effort.
The orc wizard points at you and mumbles some strange words.
You resist with some effort. The orc barely misses you. 😮 HP[-2]
You take 2 damage, and now have 28/46 hp.
Non-targeted confused fire: g) +10 hunting sling "Roerac" {venom, Fragile rPois rN+ Stlth+, sling}
Press: ? - help, Q - select action, (/) - cycle Dir - look around, f - activate You shoot a sling bullet.
You feel less confused. The orc barely misses you.
The orc wizard hits you with a +0 dagger. 😮 HP[-2]
You take 2 damage, and now have 26/46 hp.
Fire: g) +10 hunting sling "Roerac" {venom, Fragile rPois rN+ Stlth+, sling}
Press: ? - help, Q - select action, (/) - cycle Shift-Dir - straight line, f - orc
Aim: an orc, wielding a +0 flail (67% to hit)
You shoot a sling bullet. The sling bullet hits the orc.
The orc is poisoned.
The orc misses you.
The orc wizard casts a spell.
The orc wizard flickers and vanishes!
Deactivating autopickup; reactivate with Ctrl-A.
Something hits you.
* * * LOW HITPOINT WARNING * * *
The orc hits you with a +0 flail.
* * * LOW HITPOINT WARNING * * *
😨 HP[-7]
You take 7 damage, and now have 19/46 hp.
Fire: g) +10 hunting sling "Roerac" {venom, Fragile rPois rN+ Stlth+, sling}
Press: ? - help, Q - select action, (/) - cycle Shift-Dir - straight line, f/p - orc
Aim: an orc, wielding a +0 flail (severely wounded, very poisoned, 67% to hit)
You shoot a sling bullet. The sling bullet hits the orc!
You kill the orc!
Trog accepts your kill. Trog accepts your kill.
Trog appreciates your killing of a magic user.
Reactivating autopickup.
You feel a bit more experienced.
You feel your dexterity returning.
Fire: g) +10 hunting sling "Roerac" {venom, Fragile rPois rN+ Stlth+, sling}
Press: ? - help, Q - select action, (/) - cycle Shift-Dir - straight line, f - you That would be overly suicidal.
Okay, then.
Fire: g) +10 hunting sling "Roerac" {venom, Fragile rPois rN+ Stlth+, sling}
Press: ? - help, Q - select action, (/) - cycle Shift-Dir - straight line, f - you That would be overly suicidal.
Okay, then.
Unknown command.
You start resting.
A black bear comes into view. 😨 HP[+1] Unknown command.
A black bear is nearby!
Fire: g) +10 hunting sling "Roerac" {venom, Fragile rPois rN+ Stlth+, sling}
Press: ? - help, Q - select action, (/) - cycle Shift-Dir - straight line, f - black bear
Aim: a black bear (wandering, hasn't noticed you, 73% to hit)
You shoot a sling bullet. The black bear growls angrily.
The sling bullet hits the black bear.
The black bear is poisoned.
Fire: g) +10 hunting sling "Roerac" {venom, Fragile rPois rN+ Stlth+, sling}
Press: ? - help, Q - select action, (/) - cycle Shift-Dir - straight line, f/p - black bear
Aim: a black bear (lightly wounded, very poisoned, 73% to hit)
You shoot a sling bullet. The sling bullet hits the black bear.
The black bear looks as sick as possible!
Fire: g) +10 hunting sling "Roerac" {venom, Fragile rPois rN+ Stlth+, sling}
Press: ? - help, Q - select action, (/) - cycle Shift-Dir - straight line, f/p - black bear
Aim: a black bear (heavily wounded, extremely poisoned, 73% to hit)
You shoot a sling bullet. The sling bullet hits the black bear!
The black bear looks as sick as possible! 😨 HP[+1] Fire: g) +10 hunting sling "Roerac" {venom, Fragile rPois rN+ Stlth+, sling}
Press: ? - help, Q - select action, (/) - cycle Shift-Dir - straight line, f/p - black bear
Aim: a black bear (severely wounded, extremely poisoned, 73% to hit)
You shoot a sling bullet.
The sling bullet barely misses the black bear.
A troll comes into view.
The black bear barely misses you. The black bear misses you. x2
Fire: g) +10 hunting sling "Roerac" {venom, Fragile rPois rN+ Stlth+, sling}
Press: ? - help, Q - select action, (/) - cycle Shift-Dir - straight line, f/p - black bear
Aim: a black bear (almost dead, extremely poisoned, 73% to hit)
You shoot a sling bullet.
The sling bullet closely misses the black bear.
The black bear goes berserk!
The black bear bites you!
* * * LOW HITPOINT WARNING * * *
The black bear claws you.
* * * LOW HITPOINT WARNING * * *
The black bear misses you. 😱 HP[-15]
You take 15 damage, and now have 6/46 hp.
MASSIVE DAMAGE!! (PAUSE) Fire: g) +10 hunting sling "Roerac" {venom, Fragile rPois rN+ Stlth+, sling}
Press: ? - help, Q - select action, (/) - cycle Shift-Dir - straight line, f/p - black bear
Aim: a black bear (almost dead, berserk, extremely poisoned, 73% to hit)
You shoot a sling bullet.
The sling bullet barely misses the black bear.
The black bear bites you.
You die...

Skill      XL: |  1  2  3  4  5  6  7 |
---------------+----------------------+-----
Dodging        | 4 5 6 7 8 |  8.1
Fighting       | |  3.0
Long Blades    | |  3.0

Action                   |  1- 3 |  4- 6 |  7- 9 || total
-------------------------+-------+-------+-------++-------
Melee: Falchion          |    60 |       |       ||    60
       Tentacles         |    13 |       |       ||    13
       Constrict         |    15 |       |       ||    15
 Fire: Hunting sling     |    18 |    90 |    35 ||   143
Invok: Berserk           |     1 |       |       ||     1
  Use: Scroll            |     3 |     4 |     1 ||     8
       Potion            |     1 |     2 |       ||     3
 Stab: Sleeping          |     1 |       |       ||     1
Armor: Skin              |     7 |     2 |     2 ||    11
Dodge: Dodged            |    49 |    37 |    22 ||   108

Levels and vault maps discovered:
D:1:      dpeg_arrival_erosion, layout_basic, ebering_ecumenical_altar_webs,
          minmay_crystal_water, minmay_pentomino_p4
D:2:      layout_loops_corners, serial_shops, nicolae_shop_statue_plus,
          chequers_serial_rivers_small_3, minmay_tree_intersection
D:3:      layout_basic, lightli_temple_of_fire, uniq_robin, uniq_sigmund,
          uniq_terence
D:4:      layout_basic, amcnicky_altar_gilded
D:5:      layout_basic, serial_bayou, serial_bayou_lagoon_b,
          serial_bayou_pond_b, serial_bayou_lagoon_a, serial_bayou_crossing,
          nicolae_fountain_basement
D:6:      layout_loops_ring, minitemple, serial_shops, shop, uniq_grinder

Notes
Turn   | Place    | Note
-------+----------+-------------------------------------------
     0 | D:1      | spaghetti the Octopode Berserker began the quest for the
                  | Orb.
     0 | D:1      | Reached XP level 1. HP: 16/16 MP: 1/1
     0 | D:1      | magus.rc [v1.9.6]
    50 | D:1      | Reached XP level 2. HP: 15/21 MP: 2/2
    62 | D:1      | HP: 4/21 [giant cockroach (2)]
   704 | D:1      | Reached skill level 4 in Dodging
   919 | D:1      | Found a faded altar of an unknown god.
   923 | D:1      | Reached XP level 3. HP: 25/26 MP: 3/3
  1644 | D:2      | Identified the +10 hunting sling "Roerac" {venom, Fragile
                  | rPois rN+ Stlth+}
  1738 | D:2      | Found Nitatt's General Store.
  1800 | D:2      | Reached ** piety under Trog
  1937 | D:2      | Reached XP level 4. HP: 31/31 MP: 4/4
  1942 | D:2      | Reached skill level 5 in Dodging
  2477 | D:3      | Noticed Robin
  2486 | D:3      | HP: 3/31 [goblin/+0 dagger[Robin] (5)]
  2764 | D:4      | Found a white marble altar of Elyvilon.
  2770 | D:4      | Reached XP level 5. HP: 36/36 MP: 5/5
  2842 | D:4      | Reached skill level 6 in Dodging
  3037 | D:4      | Reached XP level 6. HP: 42/42 MP: 6/6
  3430 | D:4      | Identified the +0 kite shield "Bouqad" {rF++}
  3811 | D:5      | Entered Level 5 of the Dungeon
  3833 | D:5      | Reached skill level 7 in Dodging
  3847 | D:5      | HP: 9/42 [orc/+0 club (3)]
  4112 | D:5      | Reached XP level 7. HP: 46/46 MP: 7/7
  4166 | D:5      | Reached *** piety under Trog
  4422 | D:5      | Reached skill level 8 in Dodging
  4450 | D:6      | Noticed a troll
  4451 | D:6      | HP: 9/46 [black bear (12)]
  4452 | D:6      | Slain by a black bear

Vanquished Creatures
  A bullfrog (D:4)
  A scorpion (D:5)
  2 hounds
  2 iguanas (D:5)
  3 orc wizards
  8 gnolls
  5 adders
  A white imp (D:4)
  2 worms (D:2)
  11 orcs
  6 ball pythons
  5 endoplasms
  5 giant cockroaches
  10 goblins
  7 hobgoblins
  3 jackals (D:1)
  8 kobolds
  2 quokkas
  6 bats
  3 frilled lizards
  3 rats
94 creatures vanquished.

Vanquished Creatures (others)
  17 plants (D:5)
17 creatures vanquished.

Grand Total: 111 creatures vanquished

Table legend:
 A = Non-vault XP
 B = Vault XP
 C = Vault XP percentage of total XP
 D = Non-vault monster count
 E = Vault monster count
 F = Vault count percentage of total count
                 A         B        C        D         E       F
            +---------+---------+-------+---------+---------+-------
      Total |     747 |      18 |   2.4 |      85 |       9 |   9.6
            +---------+---------+-------+---------+---------+-------
        D:1 |      39 |       8 |  17.0 |      24 |       4 |  14.3
        D:2 |      99 |       0 |   0.0 |      19 |       0 |   0.0
        D:3 |       4 |      10 |  71.4 |       2 |       5 |  71.4
        D:4 |     256 |       0 |   0.0 |      21 |       0 |   0.0
        D:5 |     305 |       0 |   0.0 |      15 |       0 |   0.0
        D:6 |      44 |       0 |   0.0 |       4 |       0 |   0.0
            +---------+---------+-------+---------+---------+-------

Illustrated notes

Table legend:
 A = Kills in this place as a percentage of kills in entire the game.
 B = Kills by you in this place as a percentage of kills by you in the entire game.
 C = Kills by friends in this place as a percentage of kills by friends in the entire game.
 D = Other kills in this place as a percentage of other kills in the entire game.
 E = Experience gained in this place as a percentage of experience gained in the entire game.
 F = Experience gained in this place divided by the number of levels of this place that you have seen.
                   A       B       C       D       E      F
               +-------+-------+-------+-------+-------+----------------------
         Total | 100.0 | 100.0 |   N/A |   N/A | 100.0 | 127.5
       Dungeon | 100.0 | 100.0 |   N/A |   N/A | 100.0 | 127.5
               +-------+-------+-------+-------+-------+----------------------

Table legend: (Time is in decaauts)
 A = Elapsed time spent in this place.
 B = Non-inter-level travel time spent in this place.
 C = Inter-level travel time spent in this place.
 D = Time resting spent in this place.
 E = Time spent auto-exploring this place.
 F = Levels seen in this place.
 G = Mean time per level.
                   A        B        C        D        E       F      G
               +--------+--------+--------+--------+--------+-----+--------+
         Total |   4546 |   4501 |     45 |   1236 |   2713 |   6 |  757.7 |
       Dungeon |   4546 |   4501 |     45 |   1236 |   2713 |   6 |  757.7 |
               +--------+--------+--------+--------+--------+-----+--------+

Top non-repeatable levels by time:
     D:1: 1614 daAuts
     D:4: 1346 daAuts
     D:2: 862 daAuts
     D:5: 639 daAuts
     D:3: 54 daAuts
     D:6: 29 daAuts
